 Dungeon Sprint DCSS version 0.30.1-11-g7821555f0a (webtiles) character file.

Game seed: 14062233563055804468

12070 Groucho the Eclecticist (level 11, -8/63 HPs)
             Began as a Deep Elf Earth Elementalist on Jan 3, 2024.
             Was the Champion of Sif Muna.
             Mangled by a ghost moth (19 damage)
             ... in the Dungeon (Sprint VII: "The Pits").
             The game lasted 00:21:55 (7400 turns).

Groucho the Eclecticist (DEEE)                      Turns: 7400, Time: 00:21:56

Health: -8/63      AC:  5    Str:  4 (5)  XL:     11   Next: 57%
Magic:  1/35       EV: 14    Int: 28      God:    Sif Muna [******]
Gold:   0          SH:  0    Dex: 15      Spells: 1/46 levels left

rFire   . . .        l - +2 dagger (elec)
rCold   . . .        (no shield)
rNeg    . . .        a - +0 robe
rPois   .            (no helmet)
rElec   .            (no cloak)
rCorr   .            (no gloves)
SInv    .            (no boots)
Will    +....        (no amulet)
Stlth   ++++         m - +3 ring of protection
HPRegen 0.30/turn    n - +3 ring of intelligence
MPRegen 0.24/turn

%: no teleportation
@: invisible
A: no striking features
a: Renounce Religion, Channel Magic, Forget Spell, Divine Exegesis


You were in the Dungeon.
You worshipped Sif Muna.
Sif Muna was exalted by your worship.
You visited 1 branch

Inventory:

Hand Weapons
 d - a +1 vampiric dagger
 h - a +2 dagger
 l - a +2 dagger of electrocution (weapon)
 r - a +2 rapier of venom
Armour
 a - a +0 robe (worn)
 q - a +5 ring mail
Jewellery
 m - a +3 ring of protection (left hand)
 n - a +3 ring of intelligence (right hand)
Scrolls
 j - 5 scrolls of amnesia
 k - a scroll of summoning
Potions
 b - 3 potions of magic
 c - 8 potions of curing
 e - 2 potions of haste
 f - 3 potions of berserk rage
 i - a potion of invisibility
 o - a potion of might
 p - 2 potions of mutation


   Skills:
 - Level 5.0 Fighting
 - Level 10.0 Short Blades
 - Level 5.0 Dodging
 - Level 10.0 Stealth
 + Level 18.1 Spellcasting
 + Level 15.1 Conjurations
 - Level 10.0 Transmutations
 + Level 3.9 Fire Magic
 + Level 15.4 Earth Magic


You had one spell level left.
You knew the following spells:

 Your Spells              Type           Power      Damage    Failure   Level
a - Sandblast             Erth           100%       2d20      0%          1
b - Stone Arrow           Conj/Erth      100%       3d13      0%          3
c - Petrify               Tmut/Erth      77%        N/A       1%          4
d - Statue Form           Tmut/Erth      51%        N/A       1%          6
e - Irradiate             Conj/Tmut      38%        3d24      1%          5
f - Iskenderun's Battles  Conj           84%        2d13      1%          5
g - Foxfire               Conj/Fire      100%       2x1d9     1%          1
h - Orb of Destruction    Conj           42%        9d12      3%          7
i - Magic Dart            Conj           100%       1d8       0%          1
j - Iron Shot             Conj/Erth      42%        9d8       1%          6
k - Starburst             Conj/Fire      34%        6d10      5%          6

Your spell library contained the following spells:

 Spells                   Type           Power      Damage    Failure   Level
 Shock                    Conj/Air       100%       1d9       1%          1
 Slow                     Hex            100%       N/A       1%          1
 Sting                    Tmut/Pois      100%       1d8       1%          1
 Passwall                 Tmut/Erth      64%        N/A       0%          2
 Searing Ray              Conj           100%       2d8       0%          2
 Wereblood                Tmut           69%        N/A       1%          2
 Dazzling Flash           Conj/Hex       100%       N/A       1%          3
 Mephitic Cloud           Conj/Pois/Air  52%        N/A       1%          3
 Flame Wave               Conj/Fire      68%        2d15      1%          4
 Sticky Flame             Conj/Fire      68%        2d8       1%          4
 Fireball                 Conj/Fire      34%        3d14      1%          5
 Call Imp                 Summ           50%        N/A       2%          2
 Ice Form                 Ice/Tmut       52%        N/A       2%          4
 Arcjolt                  Conj/Air       30%        1d40      2%          5
 Alistair's Intoxication  Tmut/Pois      34%        N/A       6%          5
 Freezing Cloud           Conj/Ice/Air   26%        6-21      6%          5
 Lehudib's Crystal Spear  Conj/Erth      42%        10d10     22%         8
 Dragon Form              Tmut           34%        N/A       24%         7
 Eringya's Noxious Bog    Tmut/Pois      26%        N/A       34%         6
 Spellforged Servitor     Conj/Summ      30%        N/A       54%         7
 Plasma Beam              Fire/Air       18%        2x1d32    75%         6
 Dispersal                Tloc           12%        N/A       95%         6
 Simulacrum               Ice/Necr       12%        N/A       95%         6
 Summon Cactus Giant      Summ           12%        N/A       95%         6
 Monstrous Menagerie      Summ           12%        N/A       100%        7
 Summon Hydra             Summ           12%        N/A       100%        7


Dungeon Overview and Level Annotations

Branches:
Dungeon (1/1)

Altars:
Ashenzari
Cheibriados
Dithmenos
Elyvilon
Fedhas
Gozag
Hepliaklqana
Kikubaaqudgha
Makhleb
Nemelex Xobeh
Okawaru
Qazlal
Ru
Sif Muna
Trog
Uskayaw
Vehumet
Wu Jian
Xom
Yredelemnul
Zin
The Shining One
Jiyva
Lugonu


Message History

The orc priest is heavily wounded.
Your battlesphere fires!
The barrage of energy hits the orc priest!!
You kill the orc priest!
Sif Muna accepts your kill.
Unknown command.
You see here a +0 mace.
You feel you are being watched by something.
You feel your power leaking away.
You feel you are being watched by something.
You feel your power leaking away.
You feel you are being watched by something.
You feel your power leaking away. Something hits you!
Deactivating autopickup; reactivate with Ctrl-A.
Something hits you. Something stings you!
You hit something. You hit something. Something hits you!!
* * * LOW HITPOINT WARNING * * *
You feel weakened. Something hits you!
* * * LOW HITPOINT WARNING * * *
Something stings you but does no damage.
Okay, then.
Okay, then.
You swap places.
Something hits your battlesphere. Something hits your battlesphere!
Something stings your battlesphere.
Unknown command.
Unknown command.
Okay, then.
You feel better. Something hits your battlesphere! x2
Your battlesphere is destroyed!
Unknown command.
Unknown command.
Casting: Magic Dart (safe; 0% risk of failure)
Confirm with . or Enter, or press ? or * to list all spells.
Okay, then.
You fade into invisibility!
Something hits you!!
You die...

### ##########
..###...##....##
...#...##......#
#.....####....####
##...##..##..##..##
)'...#............#
.#...#....#..#....##+#
.)..)).......)..@☼...#
.#...#..).#..#....##+#
.'...#............#
##...##..##..##..##
#.....####....####
...#...##......#
..###...##....## ##
##########


There were no monsters in sight!

Vanquished Creatures
  Erolcha (D)
  2 death yaks (D)
  A shadow wraith (D)
  A wizard (D)
  An orc knight (D)
  A swamp dragon (D)
  An elephant (D)
  An orange demon (D)
  A molten gargoyle (D)
  A gargoyle (D)
  A demonic crawler (D)
  A yaktaur (D)
  2 kobold demonologists (D)
  An efreet (D)
  A red devil (D)
  An ice devil (D)
  3 tyrant leeches (D)
  A hornet (D)
  Grinder (D)
  4 dream sheep (D)
  A snapping turtle (D)
  4 blink frogs (D)
  A flying skull (D)
  5 yaks (D)
  A fire bat (D)
  2 ynoxinuls (D)
  2 wargs (D)
  A water moccasin (D)
  A floating eye (D)
  An orc warrior (D)
  A swamp drake (D)
  An ice beast (D)
  A black bear (D)
  An ogre (D)
  3 kobold brigands (D)
  A scorpion (D)
  A bullfrog (D)
  4 orc priests (D)
  Terence (D)
  A mummy (D)
  2 adders (D)
  A gnoll (D)
  A river rat (D)
  4 white imps (D)
  An ufetubus (D)
  A worm (D)
  3 orcs (D)
  A bat (D)
  A giant cockroach (D)
  A goblin (D)
  2 quokkas (D)
  2 ball python zombies (D)
  3 kobolds (D)
84 creatures vanquished.

Vanquished Creatures (others)
  2 foxfires (D)
2 creatures vanquished.

Grand Total: 86 creatures vanquished

Notes
Turn   | Place    | Note
-------+----------+-------------------------------------------
     0 | D        | Groucho the Deep Elf Earth Elementalist began the quest for
                  | the Orb.
     0 | D        | Reached XP level 1. HP: 10/10 MP: 6/6
    14 | D        | Reached skill level 1 in Conjurations
    42 | D        | Found a glowing golden altar of the Shining One.
    42 | D        | Found a glowing silver altar of Zin.
    42 | D        | Found a basalt altar of Yredelemnul.
    42 | D        | Found a shimmering altar of Xom.
    42 | D        | Found an ornate altar of the Wu Jian Council.
    42 | D        | Found a bloodstained altar of Trog.
    42 | D        | Found a shimmering blue altar of Sif Muna.
    42 | D        | Found a sacrificial altar of Ru.
    42 | D        | Found a stormy altar of Qazlal.
    42 | D        | Found an iron altar of Okawaru.
    42 | D        | Found a sparkling altar of Nemelex Xobeh.
    42 | D        | Found a burning altar of Makhleb.
    42 | D        | Found a viscous altar of Jiyva.
    42 | D        | Found a hazy altar of Hepliaklqana.
    42 | D        | Found an opulent altar of Gozag.
    42 | D        | Found a blossoming altar of Fedhas.
    42 | D        | Found a white marble altar of Elyvilon.
    42 | D        | Found a shadowy altar of Dithmenos.
    42 | D        | Found a snail-covered altar of Cheibriados.
    43 | D        | Found a radiant altar of Vehumet.
    43 | D        | Found a corrupted altar of Lugonu.
    44 | D        | Found an ancient bone altar of Kikubaaqudgha.
    44 | D        | Found a hide-covered altar of Uskayaw.
    44 | D        | Found a broken altar of Ashenzari.
    47 | D        | Became a worshipper of Sif Muna the Loreminder
    59 | D        | Reached skill level 4 in Spellcasting
    59 | D        | Reached XP level 2. HP: 10/15 MP: 3/9
   318 | D        | Reached * piety under Sif Muna
   533 | D        | Noticed a bullfrog
   542 | D        | Killed a bullfrog
   543 | D        | Reached skill level 6 in Spellcasting
   543 | D        | Reached XP level 3. HP: 14/19 MP: 7/13
   543 | D        | Reached XP level 4. HP: 18/24 MP: 7/14
   547 | D        | Learned a level 3 spell: Stone Arrow
   552 | D        | Learned a level 4 spell: Petrify
   558 | D        | Reached ** piety under Sif Muna
   559 | D        | Reached skill level 7 in Spellcasting
   559 | D        | Reached skill level 5 in Conjurations
   559 | D        | Noticed a floating eye
   561 | D        | Killed a floating eye
   562 | D        | Reached skill level 8 in Spellcasting
   562 | D        | Reached XP level 5. HP: 26/28 MP: 4/18
   876 | D        | Noticed a water moccasin
   883 | D        | Reached *** piety under Sif Muna
   884 | D        | Reached skill level 9 in Spellcasting
  1007 | D        | Noticed a warg
  1020 | D        | Killed a water moccasin
  1021 | D        | Reached skill level 10 in Spellcasting
  1021 | D        | Reached XP level 6. HP: 30/32 MP: 13/21
  1236 | D        | Killed a warg
  1237 | D        | Reached skill level 1 in Fighting
  1237 | D        | Reached skill level 1 in Short Blades
  1310 | D        | Reached **** piety under Sif Muna
  1362 | D        | Noticed Grinder
  1364 | D        | Killed Grinder
  1365 | D        | Reached skill level 11 in Spellcasting
  1365 | D        | Reached XP level 7. HP: 31/40 MP: 15/23
  1408 | D        | Noticed an efreet
  1421 | D        | Killed an efreet
  1422 | D        | Reached skill level 5 in Dodging
  1422 | D        | Reached skill level 5 in Stealth
  1699 | D        | Noticed a fire bat
  1702 | D        | Reached skill level 10 in Earth Magic
  1704 | D        | Killed a fire bat
  1704 | D        | Reached ***** piety under Sif Muna
  1705 | D        | Reached skill level 5 in Short Blades
  1705 | D        | Reached XP level 8. HP: 48/48 MP: 10/25
  1709 | D        | Reached skill level 12 in Spellcasting
  2136 | D        | Noticed a tyrant leech
  2151 | D        | Reached skill level 10 in Conjurations
  2185 | D        | Killed a tyrant leech
  2185 | D        | Received a gift from Sif Muna
  2186 | D        | Got Sif Muna's Almanac of the Union {god gift}
  2591 | D        | Noticed an elephant
  2598 | D        | Killed an elephant
  2602 | D        | Reached skill level 5 in Fighting
  2602 | D        | Reached skill level 13 in Spellcasting
  2602 | D        | Reached XP level 9. HP: 50/54 MP: 8/28
  3000 | D        | Received a gift from Sif Muna
  3001 | D        | Got Sif Muna's Folio of Terra Firma and Combat Magic {god
                  | gift}
  3009 | D        | Learned a level 6 spell: Statue Form
  3214 | D        | Noticed an orange demon
  3222 | D        | Killed an orange demon
  3223 | D        | Reached skill level 10 in Stealth
  3223 | D        | Reached skill level 14 in Spellcasting
  3371 | D        | Noticed a death yak
  3376 | D        | Killed a death yak
  3377 | D        | Reached skill level 5 in Transmutations
  3602 | D        | Reached XP level 10. HP: 34/59 MP: 17/30
  3869 | D        | Noticed a demonic crawler
  3883 | D        | Killed a demonic crawler
  4289 | D        | Noticed Erolcha
  4297 | D        | Killed Erolcha
  4297 | D        | Received a gift from Sif Muna
  4298 | D        | Reached skill level 15 in Spellcasting
  4551 | D        | Got Sueck's Teachings on Star-crossed Conflict {god gift}
  4558 | D        | Learned a level 5 spell: Irradiate
  4564 | D        | Learned a level 5 spell: Iskenderun's Battlesphere
  4566 | D        | Learned a level 1 spell: Foxfire
  4574 | D        | Learned a level 7 spell: Orb of Destruction
  5085 | D        | Noticed a wizard
  5400 | D        | Noticed a swamp dragon
  5406 | D        | Killed a swamp dragon
  5420 | D        | Reached ****** piety under Sif Muna
  5425 | D        | Received a gift from Sif Muna
  5428 | D        | Killed a wizard
  5429 | D        | Reached skill level 10 in Short Blades
  5429 | D        | Reached skill level 16 in Spellcasting
  5429 | D        | Got Sif Muna's Parchment of the Lethal Shift {god gift}
  5472 | D        | Noticed a gargoyle
  5477 | D        | Killed a gargoyle
  5497 | D        | Reached XP level 11. HP: 40/63 MP: 7/33
  5841 | D        | Received a gift from Sif Muna
  5859 | D        | Learned a level 1 spell: Magic Dart
  6007 | D        | Noticed Terence
  6017 | D        | Killed Terence
  6033 | D        | Received a gift from Sif Muna
  6034 | D        | Got Ubaoc's Teachings on the Wendigo and Composition {god
                  | gift}
  6384 | D        | Noticed a death yak
  6388 | D        | Killed a death yak
  6389 | D        | Reached skill level 17 in Spellcasting
  6407 | D        | Killed a shadow wraith
  6408 | D        | Reached skill level 10 in Transmutations
  6496 | D        | Received a gift from Sif Muna
  6503 | D        | Got Sif Muna's Almanac of Bombardment {god gift}
  6511 | D        | Learned a level 6 spell: Iron Shot
  6518 | D        | Learned a level 6 spell: Starburst
  6734 | D        | Reached skill level 1 in Fire Magic
  6738 | D        | Reached skill level 15 in Earth Magic
  6986 | D        | Reached skill level 15 in Conjurations
  6987 | D        | Noticed an orc knight
  6991 | D        | Killed an orc knight
  6992 | D        | Reached skill level 18 in Spellcasting
  7339 | D        | Received a gift from Sif Muna
  7340 | D        | Got Sif Muna's Yet Another Grimoire About Thaumaturgy {god
                  | gift}
  7397 | D        | HP: 2/63 [something (13)]
  7400 | D        | Mangled by a ghost moth

Illustrated notes

Levels and vault maps discovered:
D:        pitsprint [storerooms_1, entrance_room_1, metal_vault_6, armoury_1,
          mini_pit_1, grid_room_1, main_hall_1, silver_pit, the_coven_2,
          the_vestibule_1, steel_vault_5, golden_pit, hallway_of_sentries,
          crystal_vault_4, iron_vault_4, final_vault]

Skill      XL: |  1  2  3  4  5  6  7  8  9 10 11 |
---------------+----------------------------------+-----
Conjurations   | 2 4 6 8 9 10 11 13 15 | 15.1
Spellcasting   | 4 6 8 10 11 13 14 16 18 | 18.1
Earth Magic    | 4 6 7 8 9 10 11 12 13 15 | 15.4
Fighting       | 2 3 5 |  5.0
Short Blades   | 3 5 6 8 10 | 10.0
Dodging        | 4 5 |  5.0
Stealth        | 4 6 8 10 | 10.0
Transmutations | 5 9 10 | 10.0
Fire Magic     | 3 |  3.9

Action                     |  1- 3 |  4- 6 |  7- 9 | 10-12 || total
---------------------------+-------+-------+-------+-------++-------
  Melee: Dagger            |       |       |     4 |    19 ||    23
   Cast: Sandblast         |    12 |     1 |     3 |     2 ||    18
         Stone Arrow       |       |    13 |    48 |    67 ||   128
         Petrify           |       |       |     3 |    12 ||    15
         Statue Form       |       |       |       |     2 ||     2
         Foxfire           |       |       |       |     2 ||     2
         Magic Dart        |       |       |       |    40 ||    40
         Orb of Destructio |       |       |       |     7 ||     7
         Iskenderun's Batt |       |       |       |     6 ||     6
    Use: Potion            |     1 |       |     6 |     5 ||    12
         Scroll            |       |       |       |     1 ||     1
   Stab: Petrified         |       |       |     4 |     5 ||     9
 Armour: Robe              |     2 |     1 |     5 |     6 ||    14
         Skin              |       |       |       |    22 ||    22
  Dodge: Dodged            |     5 |     1 |    15 |    33 ||    54
